 Dungeon Sprint DCSS version 0.17-a0-2127-g1cb09f6 (webtiles) character file.

53 esc the Cudgeler (level 3, 0/45 HPs)
             Began as a Demonspawn Gladiator on Oct 22, 2015.
             Slain by an orc wizard
             ... wielding a +0 dagger
              (1 damage)
             ... in the Dungeon (Sprint IX: "|||||||||||||||||||||||||||||").
             The game lasted 00:01:08 (164 turns).

esc the Cudgeler (Demonspawn Gladiator)              Turns: 164, Time: 00:01:08

Health: 0/45       AC:  6    Str: 20    XL:     3   Next: 64%
Magic:  3/3        EV: 13    Int:  9    God:
Gold:   0          SH:  0    Dex: 14    Spells: 0 memorised, 2 levels left

rFire  . . .     SeeInvis .     a - +0 flail
rCold  . . .     Clarity  .     b - +0 leather armour
rNeg   . . .     SustAt   .     (no shield)
rPois  .         Gourm    .     c - +0 helmet
rElec  .         Spirit   .     (no cloak)
rCorr  .         Warding  .     (no gloves)
rMut   .         NoTele   +     (no boots)
MR     .....                    (no amulet)
Stlth  ..........               (no ring)
                                (no ring)

@: berserking, lethally poisoned (0 -> -6), very quick, not resistant to hostile
enchantments, extremely unstealthy
A: thin metallic scales 1, demonic guardian 1
a: no special abilities


You were in the Dungeon.
You were not hungry.

You visited 1 branch

Inventory:

Hand Weapons
 a - a +0 flail (weapon)
Missiles
 d - 3 throwing nets {=f, !d}
Armour
 b - a +0 leather armour (worn)
 c - a +0 helmet (worn)
Scrolls
 k - a scroll of blinking {!r}
Potions
 f - a potion of curing
 g - a potion of heal wounds
 h - a potion of haste
 i - 2 potions of magic
Comestibles
 e - a bread ration {@e1}
 l - 5 chunks of flesh {@w0}


   Skills:
 + Level 4.0 Fighting
 + Level 4.3 Maces & Flails
 - Level 1.7 Throwing
 + Level 3.0 Armour
 + Level 4.1 Dodging


You had 2 spell levels left.
You didn't know any spells.

Dungeon Overview and Level Annotations

Branches:
Dungeon (1/1)

Altars:


Innate Abilities, Weirdness & Mutations

You are partially covered in thin metallic scales (AC +2).
A weak demonic guardian rushes to your aid.


Message History

MASSIVE DAMAGE!!
You closely miss the goblin. The goblin closely misses you.
You closely miss the goblin. The goblin closely misses you.
You hit the goblin. The goblin barely misses you.
You barely miss the goblin. The goblin barely misses you.
You sock the goblin!
You kill the goblin!
Your Maces & Flails skill increases to level 3!
Your Armour skill increases to level 1!
You hit the hobgoblin.
The hobgoblin hits you but does no damage.
You hit the hobgoblin. The hobgoblin misses you.
You closely miss the hobgoblin.
The hobgoblin hits you but does no damage.
The hobgoblin closely misses you.
You hit the hobgoblin but do no damage. The hobgoblin hits you with a club.
You take 1 damage, and have 12/17 hp.
You hit the hobgoblin.
You kill the hobgoblin!
Your Dodging skill increases to level 3!
You closely miss the rat. The rat bites you but does no damage.
The rat bites you.
You take 2 damage, and have 10/17 hp.
You hit the rat.
You kill the rat!
No target in view!
No target in view!
Items here: )) ††† a club x2 a hobgoblin corpse; a rat corpse; a giant newt corpse You butcher the rat corpse.
l - a chunk of flesh {@w0}
Items here: )) †† a club x2 a hobgoblin corpse; a giant newt corpse You butcher the giant newt corpse.
l - 2 chunks of flesh {@w0} (gained 1)
Items here: )) ÷ † a club x2 a hobgoblin corpse; a giant newt skeleton You butcher the hobgoblin corpse.
l - 5 chunks of flesh {@w0} (gained 3)
Things that are here:
a club x2 a giant newt skeleton There isn't anything to butcher here.
You start resting.
Health restored: 17 As you open the door, it creaks loudly! 2 worker ants, a giant cockroach, a scorpion and an orc wizard come into view.
The orc wizard shouts!
The worker ant twitches its antennae in your direction.
Drink which item? (? for menu, Esc to quit)
Really quaff
j - a potion of berserk rage {!q}?
A red film seems to cover your vision as you go berserk!
You feel yourself moving faster!
You feel mighty! The scorpion stings you.
You are poisoned.
The scorpion poisons you!
You now have 23/25 hp.
You closely miss the scorpion.
You feel sick. The scorpion stings you.
The orc wizard looks braver for a moment.
You take 7 damage, and have 16/25 hp.
MASSIVE DAMAGE!!
You closely miss the scorpion.
You feel sick. The scorpion stings you.
The orc wizard mumbles some strange words.
The orc wizard seems to speed up.
You take 6 damage, and have 10/25 hp.
MASSIVE DAMAGE!!
You barely miss the scorpion.
You feel sick.
You take 1 damage, and have 9/25 hp.
You sock the scorpion!
You feel sick.
The scorpion stings you but does no damage.
You take 1 damage, and have 8/25 hp.
You thump the scorpion!
You kill the scorpion!
Your Fighting skill gained 2 levels and is now at level 4!
Your Maces & Flails skill increases to level 4!
Your Armour skill gained 2 levels and is now at level 3!
Your Dodging skill increases to level 4!
You have reached level 2!
Your demonic ancestry asserts itself...
Thin metallic scales grow over part of your body.
You have reached level 3!
Your experience leads to an increase in your attributes!
Your base attributes are Str 15, Int 9, Dex 13.
Increase (S)trength, (I)ntelligence, or (D)exterity?
You feel agile.
Your demonic ancestry asserts itself...
You feel the presence of a demonic guardian.
The orc wizard hits your white imp but does no damage.
You regained 4 hp, and now have 12/45 hp.
MP restored: 3 You swap places.
You feel sick. The orc wizard barely misses you.
There is an open door here.
You take 1 damage, and have 11/45 hp.
You closely miss the orc wizard.
The orc wizard points at you and mumbles some strange words.
The puff of frost hits you!
* * * LOW HITPOINT WARNING * * *
The orc wizard hits you with a dagger.
You die... ▓▓▓▓▓▓▓▓▓▓▓▓▓▓▓▓▓▓▓ +.asao@5...)'....<▓ ▓▓▓▓▓▓▓▓▓▓▓▓▓▓▓▓▓▓▓

You could see 2 worker ants, an orc wizard, a giant cockroach and a friendly white imp.

Vanquished Creatures
  A scorpion (D)
  A goblin (D)
  A hobgoblin (D)
  A giant newt (D)
  2 rats (D)
6 creatures vanquished.

Vanquished Creatures (others)
  A spatial maelstrom (D)
1 creature vanquished.

Grand Total: 7 creatures vanquished

Notes
Turn   | Place    | Note
--------------------------------------------------------------
     0 | D        | esc the Demonspawn Gladiator began the quest for the Orb.
     0 | D        | Reached XP level 1. HP: 16/16 MP: 1/1
     8 | D        | Banished a spatial maelstrom
    17 | D        | Reached skill level 3 in Maces & Flails
    17 | D        | Reached skill level 1 in Armour
    22 | D        | Reached skill level 3 in Dodging
   156 | D        | Noticed a worker ant
   156 | D        | Noticed a worker ant
   156 | D        | Noticed an orc wizard
   156 | D        | Noticed a scorpion
   162 | D        | Killed a scorpion
   162 | D        | Reached skill level 4 in Fighting
   162 | D        | Reached skill level 4 in Maces & Flails
   162 | D        | Reached skill level 3 in Armour
   162 | D        | Reached skill level 4 in Dodging
   162 | D        | Gained mutation: You are partially covered in thin metallic scales (AC +2). [demonic ancestry]
   162 | D        | Reached XP level 2. HP: 10/25 MP: 2/2
   162 | D        | Gained mutation: A weak demonic guardian rushes to your aid. [demonic ancestry]
   162 | D        | Reached XP level 3. HP: 12/30 MP: 3/3
   163 | D        | HP: 11/45 [poisoned by a scorpion]
   164 | D        | HP: 1/45 [orc wizard/puff of frost (10)]
   164 | D        | Slain by an orc wizard

Vault maps used:
D:        linesprint

Action                   || total
-------------------------++-------
Melee: Flail             ||    25
  Use: Potion            ||     1
 Stab: Sleeping          ||     1

Vault maps used:
D:        linesprint

Table legend:
 A = Turns spent in this place as a percentage of turns spent in the entire game.
 B = Non-inter-level travel turns spent in this place as a percentage of non-inter-level travel turns spent in the entire game.
 C = Inter-level travel turns spent in this place as a percentage of turns spent in this place.
 D = Turns resting spent in this place as a percentage of non-inter-level travel turns spent in this place.
 E = Turns spent auto-exploring this place as a percentage of non-inter-level travel turns spent in this place.
 F = Non-inter-level travel turns spent in this place divided by the number of levels of this place that you've seen.
                   A       B       C       D       E      F
               +-------+-------+-------+-------+-------+----------------------
         Total | 100.0 | 100.0 |   0.0 |   4.2 |   0.0 |  48.0
       Dungeon | 100.0 | 100.0 |   0.0 |   4.2 |   0.0 |  48.0
               +-------+-------+-------+-------+-------+----------------------

Table legend:
 A = Kills in this place as a percentage of kills in entire the game.
 B = Kills by you in this place as a percentage of kills by you in the entire game.
 C = Kills by friends in this place as a percentage of kills by friends in the entire game.
 D = Other kills in this place as a percentage of other kills in the entire game.
 E = Experience gained in this place as a percentage of experience gained in the entire game.
 F = Experience gained in this place divided by the number of levels of this place that you have seen.
                   A       B       C       D       E      F
               +-------+-------+-------+-------+-------+----------------------
         Total | 100.0 | 100.0 |  -nan |  -nan | 100.0 |  77.0
       Dungeon | 100.0 | 100.0 |  -nan |  -nan | 100.0 |  77.0
               +-------+-------+-------+-------+-------+----------------------
